 Dungeon Crawl Stone Soup version 0.28.0-47-ge53b351184 (webtiles) character file.

Game seed: 12157069289173317060

44 pkoi the Insei (level 3, -2/29 HPs)
             Began as a Demigod Gladiator on May 3, 2022.
             Frozen to death by an endoplasm (4 damage)
             ... on level 2 of the Dungeon.
             The game lasted 00:01:02 (2055 turns).

pkoi the Insei (Demigod Gladiator)                  Turns: 2055, Time: 00:01:03

Health: -2/29      AC:  4    Str: 15    XL:     3   Next: 22%
Magic:  5/5        EV: 12    Int: 14    God:
Gold:   42         SH:  0    Dex: 15    Spells: 2/2 levels left

rFire   . . .      SeeInvis .   d - +0 quarterstaff
rCold   . . .      Faith    .   (shield currently unavailable)
rNeg    . . .      Spirit   .   a - +0 leather armour
rPois   .          Reflect  .   b - +0 helmet
rElec   .          Harm     .   (no cloak)
rCorr   .          Rampage  .   (no gloves)
Will    .....                   (no boots)
Stlth   +.........              (no amulet)
HPRegen 0.09/turn               (no ring)
MPRegen 0.09/turn               (no ring)

@: no status effects
A: high MP 1, forlorn, divine attributes
a: no special abilities


You were on level 2 of the Dungeon.
You visited 1 branch of the dungeon, and saw 2 of its levels.

You collected 42 gold pieces.

Inventory:

Hand Weapons
 d - a +0 quarterstaff (weapon)
 e - a +0 short sword
Missiles
 c - 3 throwing nets (quivered)
Armour
 a - a +0 leather armour (worn)
 b - a +0 helmet (worn)
Scrolls
 f - a scroll of fear {unknown}


   Skills:
 - Level 1.7 Fighting
 - Level 1.7 Throwing
 - Level 2.6 Dodging
 + Level 4.1 Unarmed Combat


You had 2 spell levels left.
You didn't know any spells.
Your spell library was empty.

Dungeon Overview and Level Annotations

Branches:
Dungeon (2/15)


Innate Abilities, Weirdness & Mutations

You have an increased reservoir of magic. (+10% MP)
You shall have no god before yourself.
Your divine heritage dramatically boosts your attributes as you level up.


Message History

You are too injured to fight recklessly!
You are too injured to fight recklessly!
You are too injured to fight recklessly!
You are too injured to fight recklessly!
You are too injured to fight recklessly!
You are too injured to fight recklessly!
You are too injured to fight recklessly!
Unknown command.
The adder completely misses you. The adder closely misses you.
You barely miss the adder. The adder misses you. x2
You completely miss the adder. The adder closely misses you. x2
You barely miss the adder. The adder bites you but does no damage.
You completely miss the adder. The adder bites you.
* * * LOW HITPOINT WARNING * * *
You are poisoned.
The adder poisons you! The adder barely misses you.
You barely miss the adder.
You feel sick. The adder bites you.
* * * LOW HITPOINT WARNING * * *
The adder misses you.
You completely miss the adder.
You feel sick. The adder bites you but does no damage.
You hit the adder.
The adder is moderately wounded.
You feel sick. The adder bites you.
* * * LOW HITPOINT WARNING * * *
The adder barely misses you.
You sock the adder!
You kill the adder!
You feel sick.
You are no longer poisoned.
Your Unarmed Combat skill increases to level 4!
You hit the endoplasm.
The endoplasm is severely wounded.
The endoplasm freezes you.
You are frozen.
* * * LOW HITPOINT WARNING * * *
The endoplasm freezes you.
You are frozen.
You die...

#.. ### #.# #.. #.# #.#
#.# ####.# #.#
#....##.#############.#
#...(##.....†.......#.#
#....#########........#
##....J@.†......####.###
...#....############ #.#
............... #)#
....##.##...... #.# ...
#.. .##.## #.# .. .... #
.# #.# ..#.. #.# ....##.
#.# ... .. #.#


You could see an endoplasm.

Vanquished Creatures
  An adder (D:2)
  4 ball pythons (D:1)
  3 endoplasms
  2 goblins (D:1)
  7 hobgoblins (D:1)
  2 quokkas
  5 bats
  2 kobolds
  4 rats (D:1)
30 creatures vanquished.

Notes
Turn   | Place    | Note
-------+----------+-------------------------------------------
     0 | D:1      | pkoi the Demigod Gladiator began the quest for the Orb.
     0 | D:1      | Reached XP level 1. HP: 17/17 MP: 3/3
   118 | D:1      | Reached skill level 3 in Unarmed Combat
   683 | D:1      | Reached XP level 2. HP: 13/24 MP: 4/4
  2023 | D:2      | Reached XP level 3. HP: 27/29 MP: 5/5
  2055 | D:2      | Reached skill level 4 in Unarmed Combat
  2055 | D:2      | Frozen to death by an endoplasm

Illustrated notes

Levels and vault maps discovered:
D:1:      dpeg_arrival_connections, layout_loops_ring,
          shapermc_ecumenical_altar_mp_vishouse, amcnicky_mini_pool_small,
          chequers_serial_rivers_large_b
D:2:      layout_basic, basic_altar, grunt_ministairs_14, st_stairs_3,
          minmay_liquid_box, hangedman_decor_clover_reticule

Skill      XL: |  1  2  3 |
---------------+----------+-----
Unarmed Combat | 3 4 |  4.1
Fighting       | |  1.7
Throwing       | |  1.7
Dodging        | |  2.6

Action                   || total
-------------------------++-------
Melee: Quarterstaff      ||    85
 Stab: Sleeping          ||     2
Armor: Leather armour    ||    24
Dodge: Dodged            ||    73
